 Dungeon Crawl Stone Soup version 0.30.1 (webtiles) character file.

Game seed: 1663603580796808679

14445 AIAndy the Geomancer (level 12, -4/66 HPs)
             Began as a Gargoyle Earth Elementalist on July 5, 2023.
             Slain by a tengu warrior
             ... wielding a +4 scimitar of flaming
              (17 damage)
             ... on level 11 of the Dungeon.
             The game lasted 01:01:32 (9469 turns).

AIAndy the Geomancer (Gargoyle Earth Elementalist)  Turns: 9469, Time: 01:01:33

Health: -4/66      AC: 24    Str: 12    XL:     12   Next: 16%
Magic:  34/34      EV: 11    Int: 21    God:
Gold:   307        SH:  7    Dex: 10    Spells: 12/29 levels left

rFire   . . .        R - +9 sword of Zonguldrok {reap}
rCold   . . .        L - +2 buckler
rNeg    + . .        P - +0 steam dragon scales
rPois   ∞            (no helmet)
rElec   +            w - +0 cloak
rCorr   .            (no gloves)
SInv    .            M - +0 pair of boots
Will    .....        y - amulet of magic regeneration
Stlth   ++           k - ring of magical power
HPRegen 0.31/turn    (no ring)
MPRegen 0.64/turn

%: no passive effects
@: ice-armoured, about to teleport
A: sickness immunity, AC +8, negative energy resistance 1, electricity
resistance, torment resistance 1, petrification resistance
a: no special abilities


You were on level 11 of the Dungeon.
You visited 1 branch of the dungeon, and saw 11 of its levels.
You also visited: Sewer.

You collected 537 gold pieces.
You spent 230 gold pieces at shops.

Inventory:

Hand Weapons
 R - the +9 sword of Zonguldrok (weapon) {reap}
   (You took it off an efreet on level 11 of the Dungeon)
Missiles
 m - 3 curare-tipped darts
 r - 14 poisoned darts (quivered)
 B - a throwing net
Armour
 t - a +0 kite shield
 w - a +0 cloak (worn)
 L - a +2 buckler (worn)
 M - a +0 pair of boots (worn)
 P - +0 steam dragon scales (worn)
Magical Staves
 l - a staff of earth
Jewellery
 k - a ring of magical power (left hand)
 y - an amulet of magic regeneration (around neck)
Wands
 j - a wand of polymorph (1)
 p - a wand of charming (1)
 s - a wand of flame (34)
 I - a wand of roots (13)
 S - a wand of digging (4)
 T - a wand of mindburst (6)
 V - a wand of quicksilver (10)
Scrolls
 f - 2 scrolls of teleportation
 n - 3 scrolls of magic mapping
 o - 2 scrolls of fear
 q - 2 scrolls of vulnerability
 u - a scroll of blinking
 D - a scroll of brand weapon
 E - a scroll of enchant armour {unknown}
 F - 2 scrolls of poison
 G - 2 scrolls of amnesia
 K - a scroll of fog {unknown}
 N - a scroll of enchant weapon {unknown}
 W - a scroll of acquirement {unknown}
Potions
 a - a potion of invisibility
 b - a potion of magic
 c - 2 potions of might
 d - 2 potions of resistance
 e - 6 potions of flight
 g - a potion of mutation
 h - 5 potions of attraction
 i - a potion of berserk rage
 x - 5 potions of curing
 z - 2 potions of lignification
 C - a potion of brilliance
 Q - a potion of haste
Miscellaneous
 X - a phial of floods


   Skills:
 + Level 4.2 Fighting
 + Level 1.5 Long Blades
 - Level 4.3 Armour
 - Level 1.7 Dodging
 - Level 2.4 Stealth
 - Level 5.4 Shields
 - Level 9.3 Spellcasting
 - Level 6.8 Conjurations
 - Level 1.0 Transmutations
 - Level 4.7 Ice Magic
 - Level 6.8 Air Magic
 - Level 11.5 Earth Magic


You had 12 spell levels left.
You knew the following spells:

 Your Spells              Type           Power      Damage    Failure   Level
a - Sandblast             Erth           100%       2d20      1%          1
b - Stone Arrow           Conj/Erth      96%        3d13      1%          3
c - Passwall              Tmut/Erth      30%        N/A       1%          2
d - Arcjolt               Conj/Air       19%        1d29      16%         5
e - Ozocubu's Armour      Ice            29%        N/A       3%          3
f - Swiftness             Air            38%        N/A       1%          3

Your spell library contained the following spells:

 Spells                   Type           Power      Damage    Failure   Level
 Shock                    Conj/Air       100%       1d9       1%          1
 Airstrike                Air            19%        2d(3-19)  5%          4
 Vhi's Electric Charge    Tloc/Air       48%        N/A       7%          3
 Petrify                  Tmut/Erth      36%        N/A       7%          4
 Leda's Liquefaction      Hex/Erth       16%        N/A       9%          4
 Sticky Flame             Conj/Fire      24%        2d5       22%         4
 Ignite Poison            Fire/Tmut/Pois 11%        N/A       24%         3
 Call Canine Familiar     Summ           9%         N/A       28%         3
 Portal Projectile        Hex/Tloc       18%        N/A       28%         3
 Irradiate                Conj/Tmut      13%        3d16      45%         5
 Ozocubu's Refrigeration  Ice            14%        4d10      100%        7
 Ignition                 Fire           4%         3d4       100%        8
 Maxwell's Capacitive Co  Air            19%        ∞         100%        8
 Sublimation of Blood     Necr           Unusable   N/A       N/A         2

Dungeon Overview and Level Annotations

Branches:
Dungeon (11/15)            Temple (0/1) D:5            Lair (0/5) D:8
    Orc (0/2) D:9           Sewer (visited)

Altars:
Dithmenos
Makhleb
Qazlal
Ru
Sif Muna
Wu Jian
Yredelemnul
Zin

Shops:
D:5 [

Annotations:
D:4 2 transporters, LavenderCorpse's ghost, amateur DsRe


Innate Abilities, Weirdness & Mutations

You are immune to sickness and miasma.
Your stone body is resilient. (AC +8)
You are immune to poison.
You resist negative energy. (rN+)
You are resistant to electric shocks. (rElec)
You are resistant to unholy torment.
You are immune to petrification.


Message History

The tengu warrior is almost dead.
The centaur hits you but does no damage.
You block the centaur's attack.
The tengu warrior hits you but does no damage.
The tengu warrior pecks you but does no damage.
The tengu warrior claws you but does no damage.
The tengu warrior closely misses you. The tengu warrior barely misses you.
The tengu warrior claws you but does no damage.
You miss the tengu warrior.
The tengu warrior is almost dead.
The centaur warrior unwields a +0 shortbow.
The centaur warrior hits you.
The centaur warrior kicks you but does no damage.
You block the tengu warrior's attack.
The tengu warrior pecks you but does no damage.
The tengu warrior claws you.
The centaur warrior hits you but does no damage.
The centaur warrior barely misses you.
Press: ? - help, v - describe, . - travel The floor.
Unknown command.
You closely miss the tengu warrior.
The tengu warrior is almost dead.
The centaur warrior hits you but does no damage.
The centaur warrior kicks you but does no damage.
The tengu warrior hits you with a +4 scimitar of flaming!
The tengu warrior burns you. The tengu warrior pecks you.
* * * LOW HITPOINT WARNING * * *
You block the tengu warrior's attack. You block the centaur warrior's attack.
The centaur warrior kicks you but does no damage.
The tengu warrior hits you but does no damage.
The tengu warrior pecks you but does no damage.
The tengu warrior claws you but does no damage.
The heat melts your icy armour.
As you read the scroll of teleportation, it crumbles to dust.
You feel strangely unstable. The centaur warrior hits you.
* * * LOW HITPOINT WARNING * * *
The centaur warrior kicks you but does no damage.
The tengu warrior hits you with a +4 scimitar of flaming!
You die...

#.........#.......#...
#.......>.#.......#..#
#.........#.......#..#
#.........#.......#..#
#.........#####......######
#.............#......#.....
#...)....B....'...#..#.....
#.......cQ#####...#..#.....
#.......Wc@...#...#..#.....
###'#######...#...#..####..
#....#....#...#...#'##.....
#....#)...#...#...#........
######....#####...#........
#....#....# #...#........
#....#....# #........
#....#...## ######......
#....#...# ###....#......


You could see a boulder beetle, a tengu warrior, a centaur warrior, a wraith and
a centaur.

Vanquished Creatures
  An ogre mage (D:11)
  3 two-headed ogres
  Sonja (D:11)
  Pikel (D:5)
  A cyclops (D:10)
  Maurice (D:11)
  A kobold demonologist (D:11)
  An efreet (D:11)
  An unseen horror (D:11)
  Grinder (D:3)
  A shadow (D:9)
  2 wyverns
  Eustachio (D:4)
  2 wraiths (D:11)
  23 yaks
  3 steam dragons
  2 basilisks
  4 vampire mosquitoes
  4 ice beasts
  A sky beast (D:6)
  2 orc warriors (D:9)
  A black bear (D:8)
  3 centaurs
  2 ogres
  A phantom (D:6)
  2 lemures (D:5)
  A kobold brigand (D:10)
  4 bullfrogs
  A gnoll sergeant (D:6)
  2 scorpions
  7 wights
  17 killer bees
  2 howler monkeys
  2 gnoll boudas
  A hound (D:6)
  3 jellies
  7 orc priests
  Crazy Yiuf (D:3)
  2 sleepcaps
  Ijyb (D:3)
  An iguana (D:5)
  8 orc wizards
  A sickly merfolk siren (Sewer)
  A malarious merfolk avatar (Sewer)
  19 gnolls
  13 adders
  3 river rats
  A shadow imp (D:6)
  2 white imps (D:5)
  2 ufetubi
  2 adder zombies (D:3)
  5 worms
  24 orcs
  9 ball pythons
  A bat (D:2)
  8 endoplasms
  3 giant cockroaches
  4 hobgoblins
  2 jackals (D:1)
  10 kobolds
  5 quokkas
  8 frilled lizards
  4 goblins
  32 rats
285 creatures vanquished.

Vanquished Creatures (others)
  A centaur zombie (D:11)
1 creature vanquished.

Grand Total: 286 creatures vanquished

Notes
Turn   | Place    | Note
-------+----------+-------------------------------------------
     0 | D:1      | AIAndy the Gargoyle Earth Elementalist began the quest for
                  | the Orb.
     0 | D:1      | Reached XP level 1. HP: 10/10 MP: 3/3
   177 | D:1      | Reached skill level 1 in Transmutations
   177 | D:1      | Reached XP level 2. HP: 15/15 MP: 1/5
   366 | D:1      | Reached skill level 4 in Earth Magic
   837 | D:2      | Reached XP level 3. HP: 17/19 MP: 6/6
   844 | D:2      | Reached skill level 5 in Earth Magic
   885 | D:2      | Reached XP level 4. HP: 15/24 MP: 6/7
   978 | D:2      | You fall into a shaft and drop 1 floor!
  1023 | D:3      | Found a basalt altar of Yredelemnul.
  1063 | D:3      | Noticed Grinder
  1065 | D:3      | Paralysed by Grinder for 4 turns
  1116 | D:3      | Paralysed by Grinder for 3 turns
  1128 | D:3      | Paralysed by Grinder for 3 turns
  1137 | D:3      | Killed Grinder
  1138 | D:3      | Reached skill level 7 in Earth Magic
  1138 | D:3      | Reached XP level 5. HP: 28/28 MP: 8/8
  1138 | D:3      | Reached XP level 6. HP: 32/32 MP: 8/9
  1261 | D:3      | Reached skill level 8 in Earth Magic
  1344 | D:3      | Found a runed translucent door.
  1345 | D:3      | Noticed Crazy Yiuf
  1444 | D:3      | Noticed Ijyb
  1449 | D:3      | Killed Ijyb
  1494 | D:3      | Found a glowing drain.
  1501 | Sewer    | Entered a sewer
  1796 | Sewer    | Reached XP level 7. HP: 36/36 MP: 11/11
  1951 | Sewer    | Learned a level 3 spell: Stone Arrow
  2082 | Sewer    | Learned a level 2 spell: Passwall
  2458 | D:3      | Killed Crazy Yiuf
  2619 | D:4      | Reached skill level 1 in Shields
  2619 | D:4      | Reached skill level 9 in Earth Magic
  2626 | D:4      | Found a transporter.
  2626 | D:4      | Noticed LavenderCorpse's ghost (amateur DsRe)
  2658 | D:4      | Noticed Eustachio
  2666 | D:4      | Killed Eustachio
  2798 | D:4      | Found a transporter.
  2831 | D:4      | Reached XP level 8. HP: 41/41 MP: 14/14
  2999 | D:5      | Entered Level 5 of the Dungeon
  3033 | D:5      | Found a glowing silver altar of Zin.
  3036 | D:5      | Found a shadowy altar of Dithmenos.
  3039 | D:5      | Found a sacrificial altar of Ru.
  3042 | D:5      | Found a burning altar of Makhleb.
  3065 | D:5      | Reached skill level 1 in Armour
  3166 | D:5      | Found a stormy altar of Qazlal.
  3209 | D:5      | Found a staircase to the Ecumenical Temple.
  3218 | D:5      | Noticed Pikel
  3314 | D:5      | Reached skill level 10 in Earth Magic
  3485 | D:5      | Killed Pikel
  3486 | D:5      | Reached skill level 5 in Shields
  3486 | D:5      | Reached XP level 9. HP: 22/45 MP: 15/15
  3746 | D:5      | Found Ilohouf's Armour Boutique.
  3754 | D:5      | Bought a +2 buckler for 181 gold pieces
  3754 | D:5      | Bought a +0 pair of boots for 49 gold pieces
  3929 | D:6      | Reached skill level 1 in Fighting
  3944 | D:6      | Reached skill level 11 in Earth Magic
  4029 | D:6      | Reached skill level 1 in Conjurations
  4231 | D:6      | Reached skill level 5 in Spellcasting
  4328 | D:6      | Found an ornate altar of the Wu Jian Council.
  4712 | D:7      | Learned a level 5 spell: Arcjolt
  4945 | D:7      | Reached skill level 1 in Air Magic
  4945 | D:7      | Reached XP level 10. HP: 56/56 MP: 18/18
  5517 | D:8      | Found a staircase to the Lair.
  6220 | D:9      | Noticed a two-headed ogre
  6223 | D:9      | Killed a two-headed ogre
  6244 | D:9      | Noticed a two-headed ogre
  6635 | D:8      | Reached skill level 5 in Air Magic
  6816 | D:8      | Reached XP level 11. HP: 60/60 MP: 22/22
  6894 | D:9      | Learned a level 3 spell: Ozocubu's Armour
  6992 | D:9      | Reached skill level 1 in Ice Magic
  7171 | D:9      | Found a staircase to the Orcish Mines.
  7287 | D:9      | Killed a two-headed ogre
  7288 | D:9      | Reached skill level 5 in Conjurations
  7514 | D:10     | Entered Level 10 of the Dungeon
  7514 | D:10     | Noticed a cyclops
  7519 | D:10     | Killed a cyclops
  8170 | D:10     | Learned a level 3 spell: Swiftness
  8436 | D:10     | Found a shimmering blue altar of Sif Muna.
  8733 | D:11     | Noticed Maurice
  8745 | D:11     | Killed Maurice
  8841 | D:11     | Noticed a two-headed ogre
  8849 | D:11     | Killed a two-headed ogre
  8986 | D:11     | Noticed a fire dragon
  8986 | D:11     | Noticed a boulder beetle
  8988 | D:11     | Noticed a cyclops
  8989 | D:11     | Noticed a centaur warrior
  9196 | D:11     | Noticed an ogre mage
  9204 | D:11     | Reached XP level 12. HP: 35/64 MP: 25/25
  9207 | D:11     | Killed an ogre mage
  9348 | D:11     | Noticed a two-headed ogre
  9426 | D:11     | Noticed Sonja
  9429 | D:11     | Killed Sonja
  9430 | D:11     | Reached skill level 1 in Long Blades
  9452 | D:11     | Noticed a tengu warrior
  9469 | D:11     | Slain by a tengu warrior

Illustrated notes

Levels and vault maps discovered:
D:1:      amcnicky_arrival_underground_garden, layout_basic, minivault_25,
          minivault_27, hangedman_abyss_or_decor_stabs
D:2:      kennysheep_big_flooded_room, layout_rooms, uniq_robin
D:3:      layout_loops_ring, lemuel_zombie_altar_yredelemnul,
          lightli_sewer_entry_pipes, minivault_26, uniq_grinder,
          uniq_crazy_yiuf_cottage, uniq_ijyb
D:4:      layout_rooms, gammafunk_ghost_arena, minmay_between, uniq_eustachio
D:5:      layout_basic, mainiacjoe_overflow_24_doors,
          grunt_temple_overflow_cloverleaf, temple_pool_b, serial_shops, shop,
          uniq_pikel
D:6:      layout_loops_ring, mainiacjoe_overflow_six_doors_small
D:7:      layout_loops_ring, dk_noncrumbling_3, due_unseen_surprise
D:8:      layout_loops_ring, david_lair_generic
D:9:      layout_rooms, minmay_orc_entry_temple_small
D:10:     layout_loops_ring, nicolae_sif_muna_little_library,
          roderic_serpentine_path
D:11:     minmay_the_grid_triangle_9x9_rhombus_thin_mashed
          [minmay_the_grid_triangle_9x9_warning,
          minmay_the_grid_triangle_9x9_prize_insulated,
          minmay_the_grid_triangle_9x9_skeleton,
          minmay_the_grid_triangle_9x9_zippers_vertical], layout_grid_maze,
          lightli_corner_chamber, uniq_maurice, uniq_sonja

Skill      XL: |  1  2  3  4  5  6  7  8  9 10 11 12 |
---------------+-------------------------------------+-----
Transmutations | 1 |  1.0
Earth Magic    | 4 5 7 8 9 10 11 | 11.5
Spellcasting   | 4 5 7 9 |  9.3
Shields        | 2 5 |  5.4
Armour         | 4 |  4.3
Fighting       | 3 4 |  4.2
Conjurations   | 3 4 6 |  6.8
Air Magic      | 1 5 6 |  6.8
Ice Magic      | 4 |  4.7
Long Blades    | 1 |  1.5
Dodging        | |  1.7
Stealth        | |  2.4

Action                     |  1- 3 |  4- 6 |  7- 9 | 10-12 || total
---------------------------+-------+-------+-------+-------++-------
  Melee: Unarmed           |       |    14 |       |       ||    14
         Staff             |       |     1 |     2 |     9 ||    12
         Double sword      |       |       |       |    17 ||    17
  Throw: Dart              |       |       |       |     5 ||     5
   Cast: Sandblast         |    38 |    73 |   155 |   247 ||   513
         Stone Arrow       |       |       |       |    10 ||    10
         Passwall          |       |       |       |     2 ||     2
         Ozocubu's Armour  |       |       |       |     8 ||     8
  Evoke: Wand              |       |       |     6 |       ||     6
    Use: Scroll            |       |     5 |    10 |    10 ||    25
         Potion            |       |       |       |     2 ||     2
   Stab: Sleeping          |       |     1 |       |       ||     1
 Armour: Robe              |    13 |    11 |     5 |       ||    29
         Skin              |       |     5 |       |       ||     5
         Ring mail         |       |       |    24 |       ||    24
         Steam dragon scal |       |       |     1 |   161 ||   162
  Dodge: Dodged            |    34 |    25 |    21 |   106 ||   186
  Block: Kite shield       |       |       |    10 |       ||    10
         Buckler           |       |       |     7 |    76 ||    83
